 Dungeon Crawl Stone Soup version 0.31-a0-692-gf03d1854d5 (webtiles) character file.

Game seed: 12231720466867227492

81 qw the Shooter (level 4, 0/28 HPs)
             Began as a Gargoyle Hunter on Sept 6, 2023.
             Slain by a gnoll
             ... wielding a +0 spear
              (6 damage)
             ... on level 2 of the Dungeon.
             The game lasted 00:00:24 (878 turns).

qw the Shooter (Gargoyle Hunter)                     Turns: 878, Time: 00:00:25

Health: 0/28       AC:  8    Str: 14    XL:     4   Next: 40%
Magic:  4/4        EV: 11    Int: 10    God:
Gold:   64         SH:  0    Dex: 15    Spells: 3/3 levels left

rFire   . . .        Y - +0 shortbow
rCold   . . .        (shield currently unavailable)
rNeg    + . .        c - +0 leather armour
rPois   inf          (no helmet)
rElec   +            (no cloak)
rCorr   .            (no gloves)
SInv    .            g - +1 pair of boots
Will    .....        (no amulet)
Stlth   ++           (no ring)
HPRegen 0.24/turn    (no ring)
MPRegen 0.09/turn

%: no passive effects
@: no status effects
A: sickness immunity, AC +3, negative energy resistance 1, electricity
resistance, torment resistance 1, petrification resistance
a: no special abilities


You were on level 2 of the Dungeon.
You visited 1 branch of the dungeon, and saw 2 of its levels.

You collected 64 gold pieces.


Innate Abilities, Weirdness & Mutations

You are immune to sickness and miasma.
Your stone body is resilient. (AC +3)
You are immune to poison.
You resist negative energy. (rN+)
You are resistant to electric shocks. (rElec)
You are resistant to unholy torment.
You are immune to petrification.


   Skills:
 - Level 3.0 Fighting
 + Level 5.4 Ranged Weapons
 - Level 1.5 Dodging
 - Level 1.1 Stealth


You had 3 spell levels left.
You didn't know any spells.
Your spell library was empty.

Inventory:

Hand Weapons
 Y - a +0 shortbow (weapon)
Armour
 a - a +0 ring mail
 c - a +0 leather armour (worn)
 g - a +1 pair of boots (worn)
Scrolls
 f - 2 scrolls of identify
Potions
 b - a potion of heal wounds {unknown}

Dungeon Overview and Level Annotations

Branches:
Dungeon (2/15)

Altars:


Message History

You kill the gnoll!
A gnoll comes into view. It is wielding a +0 whip.
The gnoll hits you but does no damage.
You shoot an arrow.
The arrow hits the gnoll but does no damage.
The gnoll hits you from afar with a +0 spear.
You shoot an arrow. The arrow closely misses the gnoll.
The gnoll hits you but does no damage.
You shoot an arrow.
The arrow hits the gnoll but does no damage.
The gnoll completely misses you.
You shoot an arrow. The arrow hits the gnoll.
The gnoll is lightly wounded.
The gnoll hits you but does no damage.
You shoot an arrow. The arrow barely misses the gnoll.
The gnoll hits you from afar with a +0 spear.
You shoot an arrow. The arrow closely misses the gnoll. x2
The gnoll hits you but does no damage. The gnoll completely misses you.
The gnoll closely misses you. x2
You shoot an arrow. The arrow hits the gnoll.
The gnoll is heavily wounded.
The gnoll closely misses you. The gnoll barely misses you.
You shoot an arrow. The arrow barely misses the gnoll.
The arrow hits the gnoll!
The gnoll is severely wounded.
The gnoll hits you with a +0 whip!
The gnoll hits you from afar with a +0 spear.
You shoot an arrow. The arrow hits the gnoll.
The gnoll is heavily wounded.
The gnoll hits you with a +0 whip. The gnoll hits you but does no damage.
You shoot an arrow. The arrow hits the gnoll.
The gnoll is almost dead.
The gnoll barely misses you. The gnoll closely misses you.
You shoot an arrow. The arrow hits the gnoll.
You kill the gnoll!
The gnoll closely misses you.
You shoot an arrow. The arrow hits the gnoll.
The gnoll is severely wounded.
The gnoll hits you but does no damage.
The gnoll hits you from afar with a +0 spear.
You die...

#..# #..#
#..###..#
#.#####.......#
#............##
###
########.#####
... #.# #.. #.#
###...#########.#
.....g)@........#
......###########
?.... .... ..# .


You could see a gnoll.

Vanquished Creatures
  2 gnolls (D:2)
  2 adders (D:2)
  A dart slug (D:1)
  2 endoplasms (D:1)
  3 giant cockroaches
  9 goblins
  7 jackals
  2 quokkas (D:2)
  2 frilled lizards
  7 kobolds
  A rat (D:1)
38 creatures vanquished.

Notes
Turn   | Place    | Note
-------+----------+-------------------------------------------
     0 | D:1      | qw the Gargoyle Hunter began the quest for the Orb.
     0 | D:1      | Reached XP level 1. HP: 12/12 MP: 1/1
     0 | D:1      | 0 ||| qw: Version: 0.3-a-76-g4403597
     0 | D:1      | 0 ||| qw: Game counter: 217
     0 | D:1      | 0 ||| qw: Melee chars always use a shield: true
     0 | D:1      | 0 ||| qw: God list: Okawaru
     0 | D:1      | 0 ||| qw: Allow faded altars: false
     0 | D:1      | 0 ||| qw: Do Orc after clearing Dungeon:15 true
     0 | D:1      | 0 ||| qw: Do second Lair branch before Depths: true
     0 | D:1      | 0 ||| qw: Lair rune preference: random
     0 | D:1      | 0 ||| qw: Goals: Normal
     0 | D:1      | 0 ||| PLANNING D:1-11
   108 | D:1      | Reached XP level 2. HP: 17/17 MP: 2/2
   399 | D:1      | Reached XP level 3. HP: 21/21 MP: 3/3
   638 | D:1      | 638 ||| UPGRADING to +1 pair of boots.
   643 | D:1      | 643 ||| READING scroll labelled INOF NEOGYEMA.
   648 | D:1      | 648 ||| READING 2 scrolls labelled NIKLAKHLIBLI.
   649 | D:1      | 649 ||| DRINKING 2 glowing dark potions.
   650 | D:1      | 650 ||| DROPPING scroll of butterflies.
   651 | D:1      | 651 ||| DROPPING potion of invisibility.
   702 | D:2      | Reached skill level 5 in Ranged Weapons
   852 | D:2      | Reached skill level 3 in Fighting
   859 | D:2      | Reached XP level 4. HP: 28/28 MP: 4/4
   874 | D:2      | HP: 7/28 [gnoll/+0 spear (4)]
   878 | D:2      | Slain by a gnoll

Levels and vault maps discovered:
D:1:      saegor_arrival_simple_a, layout_loops_ring
D:2:      layout_loops_ring, minmay_crystal_water, uniq_robin, uniq_terence

Skill      XL: |  1  2  3 |
---------------+----------+-----
Ranged Weapons | 5 |  5.4
Fighting       | 3 |  3.0
Dodging        | |  1.5
Stealth        | |  1.1

Action                     |  1- 3 |  4- 6 || total
---------------------------+-------+-------++-------
   Fire: Shortbow          |    86 |    18 ||   104
    Use: Scroll            |     2 |       ||     2
         Potion            |     1 |       ||     1
 Armour: Leather armour    |     6 |    16 ||    22
  Dodge: Dodged            |    12 |    11 ||    23

Table legend:
 A = Non-vault XP
 B = Vault XP
 C = Vault XP percentage of total XP
 D = Non-vault monster count
 E = Vault monster count
 F = Vault count percentage of total count
                 A         B        C        D         E       F
            +---------+---------+-------+---------+---------+-------
      Total |     116 |       0 |   0.0 |      38 |       0 |   0.0
            +---------+---------+-------+---------+---------+-------
        D:1 |      35 |       0 |   0.0 |      20 |       0 |   0.0
        D:2 |      81 |       0 |   0.0 |      18 |       0 |   0.0
            +---------+---------+-------+---------+---------+-------
